 Dungeon Crawl Stone Soup version 0.19-a0-585-ge40200b (webtiles) character file.

95 ololoev the Slasher (level 4, 33/35 HPs)
             Began as a Demonspawn Fighter on June 9, 2016.
             Was a Follower of Nemelex Xobeh.
             Quit the game on level 3 of the Dungeon.
             The game lasted 00:02:36 (331 turns).

ololoev the Slasher (Demonspawn Fighter)             Turns: 331, Time: 00:02:37

Health: 33/35      AC: 10    Str: 18    XL:     4   Next: 40%
Magic:  4/4        EV:  7    Int:  9    God:    Nemelex Xobeh [*.....]
Gold:   6          SH:  8    Dex: 12    Spells: 0 memorised, 3 levels left

rFire  . . .     SeeInvis .     a - +0 long sword
rCold  + . .     Gourm    .     b - +0 scale mail
rNeg   . . .     Faith    .     c - +0 shield
rPois  .         Spirit   .     (no helmet)
rElec  .         Dismiss  .     (no cloak)
rCorr  .         Reflect  .     (no gloves)
SustAt .         Harm     .     (no boots)
MR     .....                    (no amulet)
Stlth  ..........               (no ring)
                                (no ring)

@: not resistant to hostile enchantments, extremely unstealthy
A: talons 1, iridescent scales 1, cold resistance 1
a: Renounce Religion


Innate Abilities, Weirdness & Mutations

You have sharp toenails.
You are partially covered in iridescent scales. (AC +4)
Your flesh is cold resistant. (rC+)

Inventory:

Hand Weapons
 a - a +0 long sword (weapon)
Armour
 b - a +0 scale mail (worn)
 c - a +0 shield (worn)
Scrolls
 e - a scroll of enchant armour {unknown}
Potions
 d - a potion of invisibility {unknown}
Comestibles
 f - a bread ration
 g - 2 chunks of flesh


   Skills:
 - Level 3.0 Fighting
 * Level 3.6 Long Blades
 + Level 3.4 Armour
 - Level 2.6 Shields


You had 3 spell levels left.
You didn't know any spells.


You were on level 3 of the Dungeon.
You worshipped Nemelex Xobeh.
Nemelex Xobeh was aware of your devotion.
You were not hungry.

You visited 1 branch of the dungeon, and saw 3 of its levels.

You collected 6 gold pieces.

#.. #.# #.# # #.#
### .##.# #.
###.## #.. .##..
#.##....## #.#
.#### #..[.....#
#.# .##.#
#..#....# #.#
.#.#. #@#.#.# #.#
..# #
#..#..#.###.###.#
#
#.........รท....##
#######.###..##.##
#.# #..###.### #.#
#..# ##.#. #.#
#..# ##.# #.# #..#
##.# #.# #..# #..#

Notes
Turn   | Place    | Note
--------------------------------------------------------------
     0 | D:1      | ololoev the Demonspawn Fighter began the quest for the Orb.
     0 | D:1      | Reached XP level 1. HP: 18/18 MP: 1/1
    52 | D:2      | Found a sacrificial altar of Ru.
    55 | D:2      | Noticed Jessica
    59 | D:2      | Killed Jessica
    59 | D:2      | Gained mutation: Your flesh is cold resistant. (rC+) [demonic ancestry]
    59 | D:2      | Reached XP level 2. HP: 24/24 MP: 2/2
    59 | D:2      | Gained mutation: You have sharp toenails. [demonic ancestry]
    59 | D:2      | Reached XP level 3. HP: 29/29 MP: 3/3
   233 | D:3      | Found an oddly glowing altar of Pakellas.
   233 | D:3      | Noticed an orange crystal statue
   303 | D:3      | Gained mutation: You are partially covered in iridescent scales. (AC +4) [demonic ancestry]
   303 | D:3      | Reached XP level 4. HP: 29/35 MP: 4/4
   305 | D:3      | Noticed Natasha
   315 | D:3      | Killed Natasha
   320 | D:3      | Found a faded altar of an unknown god.
   331 | D:3      | Became a worshipper of Nemelex Xobeh the Trickster
   331 | D:3      | Received a gift from Nemelex Xobeh
   331 | D:3      | Reached * piety under Nemelex Xobeh
   331 | D:3      | Received a gift from Nemelex Xobeh
   331 | D:3      | Quit the game

Dungeon Overview and Level Annotations

Branches:
Dungeon (3/15)

Altars:
Nemelex Xobeh
Pakellas
Ru


Message History

You have reached level 4!
You feel stronger.
Your demonic ancestry asserts itself...
Iridescent scales grow over part of your body.
Natasha, Servant of Life and Death comes into view.
Natasha stares at you and mumbles some strange words.
You resist with some effort.
Natasha stares at you and mumbles some strange words.
You feel yourself slow down.
You hit Natasha but do no damage.
Natasha claws you but does no damage. x2
Your shield and scale mail prevent you from hitting Natasha.
Natasha claws you but does no damage. Natasha barely misses you.
You hit Natasha. You claw Natasha, but do no damage.
Natasha is moderately wounded.
Natasha casts a spell at you. The magic dart hits you!
You block Natasha's attack.
You slash Natasha!
You kill Natasha!
Natasha screams in pain as she dies!
No target in view!
No target in view!
No target in view!
No target in view!
No target in view!
No target in view!
No target in view!
No target in view!
No target in view!
No target in view!
No target in view!
No target in view!
No target in view!
No target in view!
No target in view!
You see here the felid corpse of Natasha.
You butcher the felid corpse of Natasha.
g - 2 chunks of flesh You see here the felid skeleton of Natasha.
A dart slug comes into view.
The dart slug launches a dart at you. The slug dart hits you!
Found a faded altar of an unknown god.
The dart slug launches a dart at you. The slug dart misses you.
The dart slug launches a dart at you. You block the slug dart.
Found a scale mail.
You feel yourself speed up. You block the dart slug's attack.
The dart slug launches a dart at you. You block the slug dart.
You hit the dart slug.
The dart slug is lightly wounded.
You hit the dart slug.
The dart slug is heavily wounded.
The dart slug bites you but does no damage.
You hit the dart slug.
You kill the dart slug!
No target in view!
No target in view!
No target in view!
No target in view!
No target in view!
No target in view!
No target in view!
No target in view!
No target in view!
No target in view!
There is a faded altar of an unknown god here.
This altar will convert you to a god.
You cannot discern which.
Do you pray? Nemelex Xobeh accepts your prayer! Nemelex Xobeh welcomes you!
Nemelex Xobeh grants you a gift! Something appears at your feet!
Nemelex Xobeh grants you a gift! Something appears at your feet!
Press: ? - help, v - describe, . - travel, g - get item A plain deck of war.
There is something else lying underneath.
A sparkling altar of Nemelex Xobeh.
Are you sure you want to abandon this character and quit the game? (Confirm with "yes".)

There were no monsters in sight!

Vanquished Creatures
  Jessica (D:2)
  Natasha (D:3)
  An adder (D:2)
  4 worms
  A dart slug (D:3)
  A giant gecko (D:1)
  2 bats
  A goblin (D:1)
  3 hobgoblins
  4 jackals (D:3)
  A quokka (D:2)
  3 giant newts
  A kobold (D:1)
24 creatures vanquished.

Vanquished Creatures (others)
  An iguana (D:3)
1 creature vanquished.

Grand Total: 25 creatures vanquished

Action                   |  1- 3 |  4- 6 || total
-------------------------+-------+-------++-------
Melee: Long sword        |    57 |     7 ||    64
       Kick              |    12 |     1 ||    13
  Use: Potion            |     1 |       ||     1
Armor: Scale mail        |    30 |     6 ||    36
Dodge: Dodged            |    15 |     2 ||    17
Block: Shield            |    31 |     4 ||    35

Vault maps used:
D:1:      dpeg_arrival_caged_fury
D:2:      nicolae_overflow_crystal_walls, uniq_jessica
D:3:      lemuel_round_altar, gammafunk_pakellas_statue_experiment,
          ecumenical_altar_1, trog_hazing_becter, uniq_terence, uniq_natasha
